 Dungeon Crawl Stone Soup version 0.25-a0-460-g4f2eb97ec1 (webtiles) character file.

Game seed: 1689224459630361945, levelgen mode: deterministic

2573 Nattfarinn the Covert (level 9, -5/45 HPs)
             Began as a Vampire Enchanter on Feb 3, 2020.
             Was a High Priest of Uskayaw.
             Splashed by a jelly's acid (7 damage)
             ... on level 7 of the Dungeon.
             The game lasted 00:13:07 (7081 turns).

Nattfarinn the Covert (Vampire Enchanter)           Turns: 7081, Time: 00:13:08

Health: -5/45      AC:  3    Str: 11    XL:     9   Next: 32%
Magic:  12/12      EV: 14    Int: 18    God:    Uskayaw [*****.]
Gold:   420        SH:  0    Dex: 15    Spells: 6/12 levels left

rFire    + + .     SeeInvis +   k - +4 short sword
rCold    + + .     Gourm    .   (no shield)
rNeg     + + +     Faith    .   y - +1 ring mail of Vlad {rF+ Regen+ Dex-2 Stlth+}
rPois    ∞         Spirit   .   w - +0 helmet
rElec    .         Reflect  .   h - +2 cloak
rCorr    .         Harm     .   o - +0 pair of gloves
MR       .....                  (no boots)
Stlth    +++++++...             (no amulet)
HPRegen  0.00/turn              u - +4 ring of strength
MPRegen  0.13/turn              q - ring of protection from fire

@: corroded, bloodless
A: no food, fangs 3, see invisible, unbreathing
a: Bat Form, Revivify, Stomp, Line Pass, Grand Finale, Renounce Religion


You were on level 7 of the Dungeon.
You worshipped Uskayaw.
Uskayaw was noncommittal.
You were bloodless.

You visited 2 branches of the dungeon, and saw 8 of its levels.

You collected 420 gold pieces.

Inventory:

Hand Weapons
 a - a +1 dagger
 k - a +4 short sword (weapon)
Missiles
 t - 6 curare-tipped darts (quivered)
Armour
 h - a +2 cloak (worn)
 o - a +0 pair of gloves (worn)
 w - a +0 helmet (worn)
 y - the +1 ring mail of Vlad (worn) {rF+ Regen+ Dex-2 Stlth+}
   (You found it on level 5 of the Dungeon)

   It affects your dexterity (-2).
   It protects you from fire.
   It increases your rate of regeneration.
   It makes you more stealthy.
   If you remove this armour, your AC will fall 6 points (3 -> -3)
Jewellery
 q - a ring of protection from fire (right hand)
 r - an uncursed ring of protection from cold
 u - a +4 ring of strength (left hand)
 v - a +2 ring of strength
Wands
 b - a wand of iceblast (8)
 B - a wand of random effects (19)
 D - a wand of flame (14)
Scrolls
 f - 2 scrolls of teleportation
 i - 2 scrolls of enchant weapon
 p - 4 scrolls of remove curse
 x - a scroll of immolation {unknown}
 E - a scroll of vulnerability {unknown}
Potions
 c - 4 potions of curing
 d - a potion of heal wounds {unknown}
 g - a potion of brilliance {unknown}
 l - 2 potions of lignification {unknown}
 m - a potion of experience {unknown}
 n - a potion of resistance {unknown}
 s - a potion of haste {unknown}
 z - 2 potions of mutation {unknown}
 A - a potion of cancellation {unknown}
 C - a potion of might {unknown}


   Skills:
 + Level 6.5 Short Blades
 + Level 6.9 Dodging
 - Level 10.2 Stealth
 - Level 2.0 Spellcasting
 - Level 7.5 Hexes
 * Level 5.2 Invocations


You had 6 spell levels left.
You knew the following spells:

 Your Spells              Type           Power        Failure   Level  Hunger
a - Corona                Hex            ####...      1%          1    N/A
b - Ensorcelled Hibernat  Hex/Ice        ###...       14%         2    N/A
c - Tukima's Dance        Hex            ####....     6%          3    N/A

Your spell library contained the following spells:

 Spells                   Type           Power        Failure   Level  Hunger
 Confusing Touch          Hex            ####....     6%          3    N/A
 Dazzling Flash           Conj/Hex       ###...       28%         3    N/A

Dungeon Overview and Level Annotations

Branches:
Dungeon (7/15)             Temple (1/1) D:5

Altars:
Ashenzari
Cheibriados
Dithmenos
Elyvilon
Fedhas
Gozag
Hepliaklqana
Kikubaaqudgha
Makhleb
Nemelex Xobeh
Okawaru
Qazlal
Ru
Sif Muna
Trog
Uskayaw
Vehumet
Wu Jian
Xom
Yredelemnul
Zin
The Shining One

Annotations:
D:3 3 runed translucent doors, voshxx's ghost, amateur OgFE


Innate Abilities, Weirdness & Mutations

You do not eat.
You do not regenerate when monsters are visible.
You are frail without blood (-20% HP).
You can heal yourself when you bite living creatures.
You are immune to poison.
You have razor-sharp teeth.
You have supernaturally acute eyesight. (SInv)
You can survive without breathing.


Message History

The orc completely misses you.
Okay, then.
You hit the jelly.
Your hands burn!
The jelly is heavily wounded.
You hit the jelly. The acid corrodes you!
Your hands burn!
* * * LOW HITPOINT WARNING * * *
The jelly is almost dead.
The jelly hits you but does no damage.
The crimson imp hits you but does no damage.
The orc hits you with a +0 whip.
* * * LOW HITPOINT WARNING * * *
You hit the jelly.
Your hands burn!
* * * LOW HITPOINT WARNING * * *
The jelly is almost dead.
The orc hits you with a +0 whip.
* * * LOW HITPOINT WARNING * * *
The jelly hits you.
* * * LOW HITPOINT WARNING * * *
The acid corrodes you!
You are splashed with acid!
You die...

#.. .## #.. #..#..##..#
.........# .......#
##.....# #.....# ..
##.o)J.#.# ##. #...@#.#.#
#.. ##...5#.#.# #.#.#.
####.....#.#.# ####.#.#.
#.....†..#.#.###....#.#.#
#.##.....#.#.##.....#.#.#
#.......##.#.#......#.#.#
#..#.#.###.#.#......#.#.#
#......###.#........#.#.#
##.#.#.....##.........#..


You could see a jelly, a crimson imp and an orc.

Vanquished Creatures
  Eustachio (D:6)
  Menkaure (D:5)
  A water moccasin (D:7)
  Duvessa (D:5)
  An orc warrior (D:7)
  2 ogres
  2 centaurs (D:7)
  A bullfrog (D:6)
  Dowan (D:5)
  A water moccasin zombie (D:7)
  A scorpion (D:7)
  4 howler monkeys
  2 centaur zombies
  2 bullfrog zombies
  A quasit (D:5)
  2 orc priests
  4 hounds
  12 orc wizards
  Ijyb (D:5)
  2 centaur skeletons (D:4)
  Natasha (thrice) (D:3)
  4 worker ants
  3 hound skeletons
  2 howler monkey zombies (D:4)
  3 worker ant zombies
  6 gnolls
  6 adders
  A shadow imp (D:7)
  An ooze (D:3)
  2 adder zombies (D:4)
  A worm (D:4)
  3 dart slugs (D:2)
  4 leopard geckos
  24 orcs
  4 bats
  5 giant cockroaches
  3 goblins
  6 hobgoblins
  6 jackals
  4 kobolds
  4 quokkas
  3 frilled lizards
  A giant cockroach zombie (D:4)
  A leopard gecko zombie (D:4)
  A quokka skeleton (D:4)
  4 rats
148 creatures vanquished.

Vanquished Creatures (collateral kills)
  Crazy Yiuf (D:3)
  A shadow imp (D:4)
2 creatures vanquished.

Vanquished Creatures (others)
  A dancing weapon (D:5)
1 creature vanquished.

Grand Total: 151 creatures vanquished

Notes
Turn   | Place    | Note
-------+----------+-------------------------------------------
     0 | D:1      | Nattfarinn the Vampire Enchanter began the quest for the
                  | Orb.
     0 | D:1      | Reached XP level 1. HP: 13/13 MP: 3/3
   506 | D:1      | Reached XP level 2. HP: 15/15 MP: 5/5
   526 | D:1      | Learned a level 2 spell: Ensorcelled Hibernation
   944 | D:2      | Reached skill level 5 in Stealth
  1009 | D:2      | Reached XP level 3. HP: 18/19 MP: 6/6
  1386 | D:3      | Reached skill level 5 in Hexes
  1386 | D:3      | Reached XP level 4. HP: 19/24 MP: 7/7
  1393 | D:3      | Reached skill level 6 in Stealth
  1785 | D:3      | Found a runed translucent door.
  1786 | D:3      | Noticed Crazy Yiuf
  1836 | D:3      | Found a runed translucent gate.
  1836 | D:3      | Noticed voshxx's ghost (amateur OgFE)
  1837 | D:3      | Found a runed translucent gate.
  1837 | D:3      | Found a runed translucent gate.
  1927 | D:3      | Learned a level 3 spell: Tukima's Dance
  2031 | D:3      | Reached XP level 5. HP: 21/28 MP: 8/8
  2260 | D:3      | Found an ornate altar of the Wu Jian Council.
  2260 | D:3      | Noticed Natasha
  2261 | D:3      | Reached skill level 7 in Stealth
  2264 | D:3      | Killed Natasha
  2691 | D:3      | Noticed Natasha
  2700 | D:3      | Killed Natasha
  2700 | D:3      | Reached XP level 6. HP: 21/32 MP: 9/9
  2831 | D:3      | Killed Crazy Yiuf
  3006 | D:3      | Noticed Natasha
  3015 | D:3      | Killed Natasha
  3223 | D:4      | Reached skill level 8 in Stealth
  3695 | D:4      | Reached XP level 7. HP: 36/36 MP: 10/10
  3996 | D:4      | Reached skill level 9 in Stealth
  4305 | D:5      | Entered Level 5 of the Dungeon
  4583 | D:5      | Noticed Dowan
  4584 | D:5      | Noticed Duvessa
  4589 | D:5      | Found a staircase to the Ecumenical Temple.
  4591 | D:5      | Killed Duvessa
  4591 | D:5      | Reached skill level 5 in Dodging
  4591 | D:5      | Reached skill level 10 in Stealth
  4608 | D:5      | Reached XP level 8. HP: 41/41 MP: 11/11
  5095 | D:5      | Killed Dowan
  5127 | Temple   | Entered the Ecumenical Temple
  5223 | Temple   | Became a worshipper of Uskayaw the Reveler
  5342 | D:5      | Got a translucent ring mail
  5353 | D:5      | Identified the +1 ring mail of Vlad {rF+ Regen+ Dex-2
                  | Stlth+} (You found it on level 5 of the Dungeon)
  5386 | D:5      | Reached * piety under Uskayaw
  5457 | D:5      | Noticed Menkaure
  5464 | D:5      | Killed Menkaure
  5464 | D:5      | Reached skill level 1 in Invocations
  5464 | D:5      | Reached ** piety under Uskayaw
  5467 | D:5      | Reached *** piety under Uskayaw
  5476 | D:5      | Reached skill level 5 in Short Blades
  5554 | D:5      | Noticed Ijyb
  5558 | D:5      | Killed Ijyb
  5776 | D:6      | Found a shimmering altar of Xom.
  5824 | D:6      | Reached **** piety under Uskayaw
  6273 | D:6      | Noticed Eustachio
  6529 | D:6      | Killed Eustachio
  6707 | D:7      | Reached XP level 9. HP: 45/45 MP: 12/12
  6769 | D:7      | Found a white marble altar of Elyvilon.
  6773 | D:7      | Found a sacrificial altar of Ru.
  6773 | D:7      | Found a shadowy altar of Dithmenos.
  7050 | D:7      | Reached skill level 5 in Invocations
  7066 | D:7      | Reached ***** piety under Uskayaw
  7081 | D:7      | HP: 2/45 [jelly (1)]
  7081 | D:7      | Splashed by a jelly's acid

Levels and vault maps discovered:
D:1:      lightli_arrival_statuegarden, layout_loops_ring
D:2:      layout_rooms
D:3:      layout_loops_ring, nicolae_overflow_hidden_temple,
          ebering_ghost_rock_garden, first_ration, uniq_natasha,
          uniq_crazy_yiuf_cottage
D:4:      layout_basic, serial_undead, serial_undead_c, serial_undead_c,
          serial_undead_f, serial_undead_a
D:5:      layout_loops_ring, minmay_temple_entry_sparse_star, uniq_duvessa,
          uniq_menkaure, uniq_ijyb
D:6:      layout_basic, nicolae_overflow_crystal_walls, uniq_eustachio
D:7:      layout_cave_pods, gammafunk_temple_overflow_forgotten,
          serial_co_window_serial, co_window_paths_b, co_window_paths_b,
          co_window_paths_a, co_window_paths_b, co_window_of_opportunity_a,
          co_window_of_opportunity_b, co_window_corner_ca,
          co_window_of_opportunity_b, co_window_corner_b, co_window_corner_b,
          co_window_paths_d, glass_columns_b, glass_columns_a, glass_columns_a,
          glass_columns_b
Temple:   minmay_temple_bridge_d

Skill      XL: |  1  2  3  4  5  6  7  8  9 |
---------------+----------------------------+-----
Stealth        | 5 6 7 8 10 | 10.2
Short Blades   | 2 3 4 5 6 |  6.5
Hexes          | 5 6 7 |  7.5
Dodging        | 3 4 5 6 |  6.9
Invocations    | 4 5 |  5.2
Spellcasting   | |  2.0

Action                   |  1- 3 |  4- 6 |  7- 9 || total
-------------------------+-------+-------+-------++-------
Melee: Short sword       |    51 |   117 |   287 ||   455
       Dagger            |     2 |       |       ||     2
       Bite              |     7 |    13 |    25 ||    45
Throw: Dart              |       |       |     3 ||     3
 Cast: Tukima's Dance    |       |     2 |     1 ||     3
       Ensorcelled Hiber |       |     1 |       ||     1
 Abil: Exsanguinate      |     1 |       |       ||     1
  Use: Scroll            |     5 |     1 |     4 ||    10
       Potion            |       |       |     1 ||     1
 Stab: Sleeping          |     9 |    17 |    32 ||    58
       Distracted        |     1 |       |     1 ||     2
       Paralysed         |       |       |    10 ||    10
Armor: Leather armour    |    13 |    18 |    33 ||    64
       Ring mail         |       |       |    75 ||    75
Dodge: Dodged            |    23 |    56 |   216 ||   295

Table legend:
 A = Non-vault XP
 B = Vault XP
 C = Vault XP percentage of total XP
 D = Non-vault monster count
 E = Vault monster count
 F = Vault count percentage of total count
                 A         B        C        D         E       F
            +---------+---------+-------+---------+---------+-------
      Total |    2845 |     832 |  22.6 |     135 |      15 |  10.0
            +---------+---------+-------+---------+---------+-------
        D:1 |      15 |       0 |   0.0 |       9 |       0 |   0.0
        D:2 |      42 |       0 |   0.0 |      14 |       0 |   0.0
        D:3 |     348 |      64 |  15.5 |      31 |       2 |   6.1
        D:4 |     565 |     109 |  16.2 |      26 |       8 |  23.5
        D:5 |     354 |     439 |  55.4 |      17 |       4 |  19.0
        D:6 |     389 |     220 |  36.1 |      14 |       1 |   6.7
        D:7 |    1132 |       0 |   0.0 |      24 |       0 |   0.0
            +---------+---------+-------+---------+---------+-------
